 Dungeon Crawl Stone Soup version 0.29.1-2-gbd0b4ee654 (webtiles) character file.

Game seed: 13938954048174632914

352731 mortz the Warrior (level 23, -1/155 HPs)
             Began as a Kobold Earth Elementalist on Nov 14, 2022.
             Was an Initiate of Gozag.
             Killed by the air
             ... invoked by a spriggan air mage
              (25 damage)
             ... on level 1 of the Depths on Nov 17, 2022.
             The game lasted 06:48:55 (85972 turns).

mortz the Warrior (Kobold Earth Elementalist)      Turns: 85972, Time: 06:49:01

Health: -1/155     AC: 22    Str:  8    XL:     23   Next: 28%
Magic:  35/54      EV: 27    Int: 28    God:    Gozag
Gold:   4556       SH:  0    Dex: 30    Spells: 0/59 levels left

rFire   + + .      SeeInvis +   a - staff of conjuration
rCold   . . .      Faith    .   (shield currently unavailable)
rNeg    + + +      Spirit   .   M - +4 steam dragon scales
rPois   +          Reflect  .   W - +3 helmet of the Maze {rC- rN+++ Int+4 Stlth+}
rElec   .          Harm     .   z - +2 ratskin cloak {*Rats rPois rN+ Str-1 Int-1 Dex+1}
rCorr   .          Rampage  .   o - +2 pair of gloves {Str+3}
Will    +....                   C - +2 pair of boots
Stlth   ++++++....              V - amulet of Biuhoul {rC+ Regen+}
HPRegen 1.15/turn               y - ring "Ulyme" {MP+9 Dex+6}
MPRegen 0.34/turn               U - ring "Ximus" {rF++ Dex+6 SInv}

@: gold aura
A: small, no large weapons, nightstalker 3
}: 2/15 runes: decaying, serpentine
a: Renounce Religion, Potion Petition, Call Merchant, Bribe Branch


You were on level 1 of the Depths.
You worshipped Gozag.
Gozag was most pleased with you.
You visited 8 branches of the dungeon, and saw 38 of its levels.
You also visited: Gauntlet.

You collected 18298 gold pieces.
You spent 1690 gold pieces at shops.
You paid 12052 gold pieces to Gozag.

Inventory:

Hand Weapons
 b - the +9 trident of Slime {flame, Str+4 Int+4}
   (You found it on level 4 of the Vaults)

   It burns those it strikes, dealing additional fire damage.
   Str:       It affects your strength (+4).
   Int:       It affects your intelligence (+4).
 x - a +6 scimitar of flaming
 A - the +2 quarterstaff of Death's Door {elec, *Noise +Blink rN+++ rCorr}
   (You took it off an ironbound convoker on level 3 of the Vaults)

   It occasionally discharges a powerful burst of electricity upon striking a
   foe.
   rN:        It renders you almost immune to negative energy.
   +Blink:    It lets you blink.
   *Noise:    It may make noises in combat.
   rCorr:     It protects you from acid and corrosion.
 E - a +9 dagger of venom
 S - a +2 war axe of distortion
Missiles
 G - 11 curare-tipped darts
 H - 86 poisoned darts
Armour
 j - a +2 robe of willpower
 k - the +0 helmet of the Dice {Int+5 Slay-6}
   (You found it on level 3 of the Elven Halls)

   Int:       It affects your intelligence (+5).
   Slay:      It affects your accuracy & damage with ranged weapons and melee
   (-6).
 o - a +2 pair of gloves of strength (worn)
 z - the +2 ratskin cloak (worn) {*Rats rPois rN+ Str-1 Int-1 Dex+1}
   (You found it on level 3 of the Dungeon)

   When the wearer is hurt, rats may emerge from it to assist them.
   Str:       It affects your strength (-1).
   Int:       It affects your intelligence (-1).
   Dex:       It affects your dexterity (+1).
   rPois:     It protects you from poison.
   rN:        It protects you from negative energy.
 B - a +3 leather armour of fire resistance
 C - a +2 pair of boots (worn)
 J - a +1 hat of willpower
 M - +4 steam dragon scales (worn)
 W - the +3 helmet of the Maze (worn) {rC- rN+++ Int+4 Stlth+}
   (You found it in a Gauntlet)

   Int:       It affects your intelligence (+4).
   rC:        It makes you vulnerable to cold.
   rN:        It renders you almost immune to negative energy.
   Stlth:     It makes you more stealthy.
 X - a +2 leather armour of cold resistance
Magical Staves
 a - a staff of conjuration (weapon)
Jewellery
 c - a ring of willpower
 h - the ring "Oryshrur" {Fly rN+ Str+2 Stlth+}
   (You acquired it on level 4 of the Vaults)

   [ring of positive energy]

   Str:       It affects your strength (+2).
   rN:        It protects you from negative energy.
   Fly:       It grants you flight.
   Stlth:     It makes you more stealthy.
 l - the ring "Haoteno" {Wiz Drain Will- Slay+5 SInv}
   (You found it on level 3 of the Swamp)

   [ring of wizardry]

   It improves your spell success rate.
   Slay:      It affects your accuracy & damage with ranged weapons and melee
   (+5).
   SInv:      It lets you see invisible.
   Drain:     It drains your maximum health when unequipped.
   Will:      It decreases your willpower.
 y - the ring "Ulyme" (left hand) {MP+9 Dex+6}
   (You found it on level 13 of the Dungeon)

   [ring of dexterity]

   Dex:       It affects your dexterity (+6).
   MP:        It affects your magic capacity (+9).
 U - the ring "Ximus" (right hand) {rF++ Dex+6 SInv}
   (You found it on level 2 of the Snake Pit)

   [ring of see invisible]

   Dex:       It affects your dexterity (+6).
   rF:        It greatly protects you from fire.
   SInv:      It lets you see invisible.
 V - the amulet of Biuhoul (around neck) {rC+ Regen+}
   (You found it on level 3 of the Elven Halls)

   [amulet of regeneration]

   rC:        It protects you from cold.
   Regen:     It increases your rate of health regeneration.
 Z - an amulet of magic regeneration
Wands
 g - a wand of polymorph (8)
 t - a wand of light (31)
 v - a wand of iceblast (41)
 w - a wand of mindburst (33)
 D - a wand of flame (32)
 F - a wand of digging (4)
 K - a wand of charming (34)
Scrolls
 f - 6 scrolls of fear
 r - 3 scrolls of fog
 I - 7 scrolls of teleportation
 N - 5 scrolls of immolation
 O - 4 scrolls of poison
 Q - 2 scrolls of amnesia
Potions
 d - 3 potions of magic
 e - 2 potions of berserk rage
 i - 7 potions of mutation
 m - 14 potions of heal wounds
 n - 6 potions of brilliance
 p - 2 potions of invisibility
 s - a potion of haste
 u - 24 potions of curing
 L - 9 potions of flight
 P - 5 potions of cancellation
 T - 6 potions of might
 Y - 5 potions of resistance
Miscellaneous
 q - a phantom mirror


   Skills:
 + Level 19.5 Fighting
 - Level 10.7 Dodging
 - Level 4.1 Stealth
 + Level 18.7 Spellcasting
 * Level 16.9 Conjurations
 - Level 6.2 Summonings
 - Level 10.7 Translocations
 - Level 2.1 Transmutations
 - Level 4.0 Fire Magic
 - Level 3.8 Ice Magic
 - Level 7.6 Air Magic
 * Level 16.1 Earth Magic
 - Level 10.8 Evocations


You couldn't memorise any spells.
You knew the following spells:

 Your Spells              Type           Power      Damage    Failure   Level
a - Sandblast             Erth           100%       2d20      0%          1
b - Searing Ray           Conj           100%       2d8       0%          2
c - Summon Lightning Spi  Summ/Air       60%        N/A       1%          4
d - Dispersal             Tloc           36%        N/A       3%          6
f - Freezing Cloud        Conj/Ice/Air   43%        6-21      1%          5
g - Gell's Gravitas       Tloc           72%        N/A       1%          3
i - Iron Shot             Conj/Erth      54%        9d10      1%          6
m - Mephitic Cloud        Conj/Pois/Air  83%        N/A       1%          3
p - Passwall              Tmut/Erth      55%        N/A       1%          2
r - Irradiate             Conj/Tmut      44%        3d26      1%          5
s - Stone Arrow           Conj/Erth      100%       3d13      0%          3
t - Tukima's Dance        Hex            26%        N/A       4%          3
w - Flame Wave            Conj/Fire      91%        2d19      1%          4
I - Iskenderun's Mystic   Conj/Tloc      100%       2d19      1%          4
L - Lehudib's Crystal Sp  Conj/Erth      54%        10d13     12%         8

Your spell library contained the following spells:

 Spells                   Type           Power      Damage    Failure   Level
 Magic Dart               Conj           100%       1d8       0%          1
 Shock                    Conj/Air       100%       1d9       0%          1
 Static Discharge         Conj/Air       97%        3-16/arc  0%          2
 Foxfire                  Conj/Fire      100%       2x1d9     1%          1
 Slow                     Hex            100%       N/A       1%          1
 Sting                    Tmut/Pois      100%       1d8       1%          1
 Ensorcelled Hibernation  Hex/Ice        72%        N/A       1%          2
 Poisonous Vapours        Pois/Air       94%        N/A       1%          2
 Scorch                   Fire           98%        2d10      1%          2
 Call Canine Familiar     Summ           57%        N/A       1%          3
 Conjure Flame            Conj/Fire      91%        6-21      1%          3
 Dazzling Flash           Conj/Hex       100%       N/A       1%          3
 Lesser Beckoning         Tloc           72%        N/A       1%          3
 Portal Projectile        Hex/Tloc       100%       N/A       1%          3
 Swiftness                Air            62%        N/A       1%          3
 Teleport Other           Tloc           72%        N/A       1%          3
 Fulminant Prism          Conj/Hex       42%        3d20      1%          4
 Leda's Liquefaction      Hex/Erth       31%        N/A       1%          4
 Petrify                  Tmut/Erth      67%        N/A       1%          4
 Sticky Flame             Conj/Fire      91%        2d10      1%          4
 Summon Ice Beast         Ice/Summ       53%        N/A       1%          4
 Summon Forest            Summ/Tloc      32%        N/A       1%          5
 Inner Flame              Hex/Fire       37%        N/A       2%          3
 Spider Form              Tmut/Pois      32%        N/A       3%          3
 Starburst                Conj/Fire      45%        6d13      3%          6
 Confusing Touch          Hex            26%        N/A       4%          3
 Vampiric Draining        Necr           26%        2d7       4%          3
 Summon Mana Viper        Hex/Summ       43%        N/A       13%         5
 Anguish                  Hex/Necr       13%        N/A       16%         4
 Cause Fear               Hex            13%        N/A       16%         4
 Dispel Undead            Necr           26%        3d13      16%         4
 Olgreb's Toxic Radiance  Pois           26%        N/A       16%         4
 Blade Hands              Tmut           19%        N/A       19%         5
 Summon Cactus Giant      Summ           28%        N/A       19%         6
 Metabolic Englaciation   Hex/Ice        18%        N/A       22%         5
 Monstrous Menagerie      Summ           28%        N/A       71%         7
 Storm Form               Tmut/Air       26%        N/A       88%         7
 Death Channel            Necr           13%        N/A       94%         6
 Dragon Form              Tmut           19%        N/A       99%         7
 Maxwell's Capacitive Co  Air            31%        ∞         99%         8
 Chain Lightning          Conj/Air       48%        3d64      100%        9
 Dragon's Call            Summ           28%        N/A       100%        9
 Polar Vortex             Ice            23%        N/A       100%        9
 Corpse Rot               Necr/Pois/Air  Unusable   N/A       N/A         4
 Simulacrum               Ice/Necr       Unusable   N/A       N/A         6

Dungeon Overview and Level Annotations

Branches:
Dungeon (15/15) Zot: 20223  Temple (0/1) D:5            Lair (5/5) D:10 Zot: 16175
  Swamp (4/4) Lair:2 Zot: 15320   Snake (4/4) Lair:3 Zot: 15391   Slime (0/5) Lair:4
    Orc (2/2) D:10 Zot: 8474     Elf (3/3) Orc:2 Zot: 13251  Vaults (4/5) D:13 Zot: 10648
  Crypt (0/3) Vaults:3     Depths (1/4) D:15 Zot: 5912 Gauntlet (visited)

Altars:
Cheibriados
Dithmenos
Fedhas
Gozag
Kikubaaqudgha
Okawaru
Qazlal
Uskayaw
Vehumet
Wu Jian
Yredelemnul
The Shining One
Lugonu

Shops:
D:4 [   D:10 ?   Orc:2 [=:?   Snake:2 (   Vaults:1 (   Vaults:3 (

Portals:
Trove: Elf:2 (give 15 scrolls of teleportation)

Annotations:
Swamp:1 exclusion: downstairs
Elf:1 Bai Suzhen
Vaults:1 exclusion: downstairs


Innate Abilities, Weirdness & Mutations

You are small and have problems with some larger weapons.
You are completely attuned to the shadows.


Message History

The cyan very ugly thing collides with the rakshasa!
The cyan very ugly thing is heavily wounded.
The mystic blast hits the rakshasa!!
You kill the rakshasa!
The rakshasa shimmers and vanishes!
The spriggan air mage casts a spell at you.
The bolt of lightning hits you!! The cyan very ugly thing punches you!
The cyan very ugly thing shocks you!!
A river rat scurries out from under your cloak.
The cyan very ugly thing punches you! The cyan very ugly thing shocks you!!
The rakshasa misses you. The cyan very ugly thing punches you!
* * * LOW HITPOINT WARNING * * *
The cyan very ugly thing shocks you!!
* * * LOW HITPOINT WARNING * * *
The cyan very ugly thing misses you.
Your river rat bites the cyan very ugly thing.
There is a staircase back to the Dungeon, spattered with blood here.
Casting: Iskenderun's Mystic Blast (safe; 1% risk of failure)
Confirm with . or Enter, or press ? or * to list all spells.
You feel a surge of power! Really blast near your river rat?
You erupt in a blast of force!
The mystic blast hits your river rat!!
You kill your river rat!
The mystic blast hits the cyan very ugly thing!!
The cyan very ugly thing is severely wounded.
The cyan very ugly thing is knocked back by the mystic blast.
The cyan very ugly thing slams into the rock wall!
The mystic blast hits the cyan very ugly thing!
The cyan very ugly thing is severely wounded.
The cyan very ugly thing is knocked back by the mystic blast.
The mystic blast hits the rakshasa!
The rakshasa is almost dead.
The rakshasa is knocked back by the mystic blast.
The rakshasa slams into the rock wall!
You kill the rakshasa!
The cyan very ugly thing shimmers and vanishes!
The spriggan air mage waves its arms in wide circles.
The air twists around and strikes you!!
You die...
Your body crumbles into a pile of gold.

..............
...##.......##
.....#.......#
....$........##.
#...............
##....i.......>.
#.##..iu...)...
## ###.........
#..@.......
#.$........
##.$......
##...... ......


You could see a cyan very ugly thing, a spriggan rider and a spriggan air mage
(repels missiles).

Vanquished Creatures
  Boris (Vaults:4)
  3 tentacled monstrosities (Swamp:3)
  Mlioglotl (Swamp:3)
  Gastronok (Lair:2)
  2 sphinxes
  Frances (Snake:1)
  3 thorn hunters
  8 nagarajas
  A fire giant (Vaults:3)
  Donald (Lair:3)
  Aizul (Swamp:3)
  A deep elf sorcerer (Elf:2)
  8 vault wardens
  The ghost of Jutsoyk the Scorcher, a journeyman DrCj of Gozag (D:14)
  6 ghouls
  6 very ugly things
  7 ironbound preservers
  A war gargoyle (Vaults:2)
  2 stone giants
  3 vampire knights
  7 ironbound thunderhulks
  3 eleionomae
  8 bunyips
  10 dire elephants
  2 entropy weavers
  A minotaur (Gauntlet)
  Snorg (D:13)
  2 ettins (D:15)
  3 fire dragons
  A crystal guardian (Vaults:2)
  A great orb of eyes (Vaults:3)
  A shambling mangrove (Swamp:4)
  4 yaktaur captains
  Josephine (Swamp:1)
  2 peacekeepers
  30 hydras
  A salamander tyrant (Snake:4)
  5 vault guards
  A deep elf high priest (Vaults:3)
  A rakshasa (Depths:1)
  4 boulder beetles
  3 ghost crabs
  5 ogre magi
  12 anacondas
  An ice dragon (D:15)
  Erica (Lair:2)
  A catoblepas (Lair:5)
  8 naga warriors
  12 centaur warriors
  15 dancing weapons
  4 ironbound frosthearts
  8 two-headed ogres
  2 death knights (D:14)
  12 alligators
  A death scarab (Gauntlet)
  14 naga sharpshooters
  3 tengu warriors (D:15)
  A deep troll shaman (Depths:1)
  3 death yaks (Lair:5)
  4 shock serpents
  3 deep elf knights (Elf:2)
  2 spriggan berserkers
  Sonja (D:12)
  Nergalle (D:10)
  7 salamander mystics
  7 swamp dragons
  An iron troll (Depths:1)
  4 skeletal warriors
  10 naga ritualists
  4 goliath frogs
  6 spriggan druids
  Lodul (D:10)
  26 deep trolls
  12 bog bodies
  14 ironbound convokers
  4 wizards
  A deep elf archer (Elf:2)
  10 deep elf zephyrmancers
  2 necromancers
  6 orc knights
  9 orc sorcerers
  The ghost of qeuew the Poker, a novice MfGl of Ashenzari (D:5)
  5 lindwurms
  8 deep elf pyromancers
  8 manticores
  7 harpies
  10 mana vipers
  4 will-o-the-wisps
  A spectral boulder beetle (Gauntlet)
  16 salamanders
  33 ugly things
  A spectral ettin (D:14)
  5 cyclopes
  9 guardian serpents
  21 naga magi
  14 elephants
  9 cane toads
  36 black mambas
  10 vault sentinels
  A gargoyle (D:13)
  6 rime drakes
  Maggie (D:8)
  2 unseen horrors
  Psyche (D:9)
  9 yaktaurs
  2 freezing wraiths
  2 kobold demonologists (D:13)
  2 tengu conjurers
  7 komodo dragons
  A hellwing (Gauntlet)
  A troll (shapeshifter) (D:12)
  3 meliai (D:14)
  A polar bear (Lair:2)
  6 trolls
  11 hornets
  A raiju (D:12)
  10 tyrant leeches
  3 spriggan zombies (Swamp:1)
  9 blink frogs
  13 dream sheep
  34 slime creatures
  2 air elementals (Elf:1)
  2 shadows
  7 spriggans
  3 wyverns
  7 wraiths
  4 water elementals
  41 yaks
  8 basilisks
  2 redbacks (Vaults:4)
  7 vampire mosquitoes
  A warg (Orc:1)
  38 nagas
  A swamp worm (shapeshifter) (Vaults:3)
  2 acid dragons
  9 swamp worms
  A naga (shapeshifter) (D:12)
  17 water moccasins
  3 ice beasts
  16 orc warriors
  2 black bears
  An ettin simulacrum (D:14)
  A sky beast (D:7)
  9 swamp drakes
  25 wolves
  16 ogres
  A boggart (Vaults:3)
  11 centaurs
  6 kobold brigands
  2 phantoms
  12 bullfrogs
  2 necrophages (Swamp:2)
  2 earth elementals
  2 scorpions
  2 small abominations (D:12)
  21 killer bees
  A vampire bat (D:3)
  3 howler monkeys (D:8)
  5 electric eels
  6 bullfrog zombies (D:6)
  A jelly (D:7)
  13 orc priests
  2 hounds
  A gnoll bouda (D:5)
  2 iguanas
  38 orc wizards
  7 hell rats
  A howler monkey zombie (D:6)
  19 gnolls
  6 adders (D:2)
  5 shadow imps
  2 white imps
  4 ufetubi
  5 worms
  2 dart slugs
  86 orcs
  7 ball pythons
  14 bats
  8 endoplasms
  2 giant cockroaches
  7 goblins
  11 hobgoblins
  8 jackals
  16 kobolds
  5 quokkas
  3 training dummies (Snake:2)
  3 frilled lizards
  5 rats
1296 creatures vanquished.

Vanquished Creatures (collateral kills)
  2 deep elf master archers (Elf:3)
  7 deep elf sorcerers (Elf:3)
  2 ironbound preservers
  A deep elf elementalist (Elf:3)
  A reaper (Gauntlet)
  An ironbound thunderhulk (Vaults:1)
  3 deep elf annihilators (Elf:3)
  An entropy weaver (Vaults:4)
  A crystal guardian (Vaults:4)
  3 yaktaur captains
  A deep elf high priest (Elf:3)
  A vault guard (Vaults:1)
  2 hydras (Swamp:4)
  A catoblepas (Lair:5)
  A peacekeeper (Vaults:4)
  A two-headed ogre (D:13)
  14 dancing weapons
  5 deep elf knights
  2 deep trolls
  2 wizards
  5 deep elf archers
  A phantasmal warrior (Vaults:4)
  6 deep elf pyromancers
  An ugly thing (Vaults:3)
  5 deep elf zephyrmancers
  2 vault sentinels
  7 yaktaurs
  9 slime creatures
  An air elemental (Elf:3)
  2 water elementals (Elf:3)
  A spriggan (Swamp:2)
  3 redbacks (Vaults:4)
  A swamp drake (Swamp:4)
  An earth elemental (Elf:1)
  An iguana (D:5)
  2 gnolls (D:5)
100 creatures vanquished.

Vanquished Creatures (others)
  A dread lich (Vaults:3)
  2 sphinxes
  2 deep elf sorcerers (Elf:1)
  5 vault wardens
  A fire giant (Vaults:1)
  An orc warlord (Vaults:2)
  4 ironbound preservers
  An ironbound thunderhulk (Vaults:2)
  A stone giant (Vaults:1)
  2 deep elf demonologists
  A dire elephant (Vaults:2)
  A deep elf death mage (Elf:3)
  5 vault guards
  4 yaktaur captains
  A deep elf high priest (Vaults:3)
  A boulder beetle (Vaults:2)
  3 ironbound frosthearts
  8 deep elf knights
  A deep troll (Vaults:2)
  An orb spider (shapeshifter) (Vaults:4)
  A necromancer (Vaults:4)
  2 wizards
  A phantasmal warrior (Vaults:3)
  3 deep elf archers
  9 deep elf pyromancers
  A harpy (Vaults:2)
  2 ironbound convokers (Vaults:3)
  12 deep elf zephyrmancers
  A shadow dragon skeleton (Vaults:4)
  A fire giant zombie (Vaults:4)
  8 vault sentinels
  A rime drake (Lair:5)
  12 yaktaurs
  6 slime creatures (Vaults:2)
  A water elemental (Elf:1)
  3 boggarts (Vaults:4)
  A human (D:5)
  A human simulacrum (Vaults:4)
  23 foxfires
  53 fungi
  120 plants
  13 withered plants (Gauntlet)
321 creatures vanquished.

Grand Total: 1717 creatures vanquished

Notes
Turn   | Place    | Note
-------+----------+-------------------------------------------
     0 | D:1      | mortz the Kobold Earth Elementalist began the quest for the
                  | Orb.
     0 | D:1      | Reached XP level 1. HP: 10/10 MP: 3/3
   147 | D:1      | Reached XP level 2. HP: 15/15 MP: 0/5
   755 | D:1      | Reached XP level 3. HP: 19/19 MP: 3/6
   758 | D:1      | Learned a level 2 spell: Passwall
   762 | D:1      | Learned a level 3 spell: Stone Arrow
  1049 | D:1      | Found a faded altar of an unknown god.
  1240 | D:2      | Reached skill level 1 in Conjurations
  1240 | D:2      | Reached XP level 4. HP: 12/24 MP: 0/7
  2044 | D:2      | Got the Writings on the Pyre and Guile
  2110 | D:2      | Reached XP level 5. HP: 28/28 MP: 6/8
  2646 | D:3      | Found an ornate altar of the Wu Jian Council.
  2862 | D:3      | Found the +2 ratskin cloak {*Rats rPois rN+ Str-1 Int-1
                  | Dex+1}
  3262 | D:4      | Found Tiang's Armour Shop.
  3343 | D:4      | Found a snail-covered altar of Cheibriados.
  3446 | D:4      | Noticed an ogre
  3688 | D:3      | Reached XP level 6. HP: 30/32 MP: 0/9
  3979 | D:4      | Got the Precepts of the Summoned Blaze
  4601 | D:4      | Found an opulent altar of Gozag.
  4606 | D:4      | Became a worshipper of Gozag Ym Sagoz the Greedy
  4761 | D:4      | Found a snail-covered altar of Cheibriados.
  4971 | D:4      | Found Tiang's Armour Shop.
  5074 | D:4      | Found an opulent altar of Gozag.
  5154 | D:4      | Killed an ogre
  5155 | D:4      | Reached skill level 5 in Earth Magic
  5155 | D:4      | Reached XP level 7. HP: 36/36 MP: 5/10
  5379 | D:4      | Bought a +0 helmet for 63 gold pieces
  5392 | D:5      | Entered Level 5 of the Dungeon
  5669 | D:5      | Found a transporter.
  5675 | D:5      | Noticed qeuew's ghost (novice MfGl)
  5763 | D:5      | Found a staircase to the Ecumenical Temple.
  6422 | D:5      | Found a shadowy altar of Dithmenos.
  6806 | D:5      | Reached skill level 5 in Conjurations
  6806 | D:5      | Reached XP level 8. HP: 25/41 MP: 4/11
  6976 | D:4      | Bought a +2 pair of gloves of strength for 301 gold pieces
  7201 | D:5      | Got the Tractate on the Chill
  7457 | D:5      | Found an ancient bone altar of Kikubaaqudgha.
  7461 | D:5      | Noticed a human
  7463 | D:5      | Killed a human
  8641 | D:6      | Found a basalt altar of Yredelemnul.
  8733 | D:6      | Reached skill level 1 in Translocations
  8773 | D:6      | Reached XP level 9. HP: 45/45 MP: 1/12
  8778 | D:6      | Learned a level 4 spell: Iskenderun's Mystic Blast
 11120 | D:7      | Found an iron altar of Okawaru.
 12482 | D:8      | Noticed Maggie
 12485 | D:8      | Killed Maggie
 12486 | D:8      | Reached XP level 10. HP: 50/50 MP: 5/16
 12689 | D:8      | Reached skill level 5 in Translocations
 13234 | D:8      | Found a hide-covered altar of Uskayaw.
 13234 | D:8      | Noticed a two-headed ogre
 13292 | D:8      | Killed a two-headed ogre
 13293 | D:8      | Reached skill level 5 in Spellcasting
 13468 | D:8      | Learned a level 2 spell: Searing Ray
 13472 | D:8      | Learned a level 3 spell: Gell's Gravitas
 13474 | D:8      | Learned a level 1 spell: Foxfire
 13558 | D:8      | Reached skill level 1 in Fighting
 13664 | D:9      | Noticed Psyche
 13669 | D:9      | Killed Psyche
 13670 | D:9      | Reached skill level 2 in Fighting
 13800 | D:9      | Reached skill level 3 in Fighting
 13881 | D:9      | Reached XP level 11. HP: 51/60 MP: 8/20
 13953 | D:9      | Found a blossoming altar of Fedhas.
 14220 | D:9      | Noticed a two-headed ogre
 14224 | D:9      | Killed a two-headed ogre
 14225 | D:9      | Reached skill level 4 in Fighting
 14625 | D:9      | Reached skill level 5 in Fighting
 14667 | D:9      | Found a glowing golden altar of the Shining One.
 14720 | D:9      | Found a stormy altar of Qazlal.
 14755 | D:10     | Entered Level 10 of the Dungeon
 14892 | D:10     | Noticed Lodul
 15453 | D:10     | Noticed Nergalle
 15458 | D:10     | Killed Nergalle
 15459 | D:10     | Reached skill level 6 in Fighting
 15716 | D:10     | Killed Lodul
 15861 | D:10     | Noticed an elephant
 16320 | D:10     | Found a staircase to the Lair.
 16346 | D:10     | Reached skill level 7 in Fighting
 16568 | D:10     | Killed an elephant
 16718 | D:10     | Found Fyapher's Magic Scroll Shop.
 16723 | D:10     | Bought a scroll of enchant weapon for 97 gold pieces
 16723 | D:10     | Bought a scroll of enchant weapon for 97 gold pieces
 16723 | D:10     | Bought a scroll of identify for 26 gold pieces
 16723 | D:10     | Bought a scroll of identify for 26 gold pieces
 16795 | D:10     | Found a staircase to the Orcish Mines.
 16882 | D:10     | Learned a level 4 spell: Flame Wave
 16908 | Lair:1   | Entered Level 1 of the Lair of Beasts
 16914 | Lair:1   | Found an ancient bone altar of Kikubaaqudgha.
 17117 | Lair:1   | Noticed an elephant
 17118 | Lair:1   | Noticed an elephant
 17120 | Lair:1   | Noticed an elephant
 17121 | Lair:1   | Noticed an elephant
 17122 | Lair:1   | Noticed an elephant
 17213 | Lair:1   | Killed an elephant
 17214 | Lair:1   | Reached skill level 8 in Fighting
 17342 | Lair:1   | Killed an elephant
 17343 | Lair:1   | Reached XP level 12. HP: 16/75 MP: 1/25
 17925 | Lair:1   | Reached skill level 9 in Fighting
 18041 | Lair:1   | Noticed a five-headed hydra
 18046 | Lair:1   | Killed a five-headed hydra
 18047 | Lair:1   | Reached skill level 10 in Spellcasting
 19320 | Lair:2   | Noticed Erica
 19323 | Lair:2   | Killed Erica
 19324 | Lair:2   | Reached skill level 10 in Fighting
 19972 | Lair:2   | Found a staircase to the Swamp.
 20275 | Lair:2   | Noticed Gastronok
 20556 | Lair:2   | Killed Gastronok
 20557 | Lair:2   | Reached skill level 1 in Fire Magic
 21143 | Lair:2   | Reached XP level 13. HP: 84/84 MP: 24/28
 21356 | Lair:3   | Reached skill level 11 in Fighting
 21396 | Lair:3   | Found a staircase to the Snake Pit.
 21717 | Lair:3   | Noticed a six-headed hydra
 21720 | Lair:3   | Killed a six-headed hydra
 22714 | Lair:4   | Found a gate leading to a gauntlet.
 22720 | Gauntlet | Entered a Gauntlet
 22726 | Gauntlet | Found a transporter.
 22763 | Gauntlet | Noticed a ghost crab
 22777 | Gauntlet | Found a transporter.
 22807 | Gauntlet | Noticed a reaper
 22821 | Gauntlet | Found a transporter.
 22821 | Gauntlet | Found a transporter.
 22835 | Gauntlet | Found a transporter.
 22886 | Gauntlet | Found a transporter.
 22908 | Gauntlet | Found a transporter.
 22908 | Gauntlet | Found a transporter.
 22914 | Gauntlet | Found a transporter.
 22914 | Gauntlet | Found a transporter.
 22932 | Gauntlet | Found a transporter.
 22932 | Gauntlet | Found a transporter.
 22933 | Gauntlet | Found the ring of the Hare {EV+8}
 23057 | Gauntlet | Noticed an anaconda
 23057 | Gauntlet | Noticed a great orb of eyes
 23057 | Gauntlet | a wolf spider changed into a great orb of eyes
 23322 | Gauntlet | Killed a reaper
 23557 | Gauntlet | Identified the +3 helmet of the Maze {rC- rN+++ Int+4
                  | Stlth+}
 23593 | Gauntlet | Killed a ghost crab
 23762 | Gauntlet | Identified the +6 chain mail of the Blushing Gods {Dex+5}
 23762 | Gauntlet | Noticed a minotaur
 23776 | Gauntlet | Killed a minotaur
 23952 | Gauntlet | Got the Secrets of Solid Venin
 23958 | Lair:4   | Reached skill level 12 in Fighting
 24647 | Lair:4   | Found a staircase to the Slime Pits.
 25258 | Lair:4   | Noticed an anaconda
 25263 | Lair:4   | Killed an anaconda
 25781 | Lair:5   | Entered Level 5 of the Lair of Beasts
 25820 | Lair:5   | Noticed a seven-headed hydra
 25822 | Lair:5   | Noticed a six-headed hydra
 25912 | Lair:5   | Noticed a four-headed hydra
 25922 | Lair:4   | Killed a four-headed hydra
 26284 | Lair:5   | Reached XP level 14. HP: 85/92 MP: 19/31
 26357 | Lair:5   | Reached skill level 13 in Fighting
 28271 | Lair:5   | Reached skill level 14 in Fighting
 30187 | Lair:5   | Noticed a dire elephant
 30195 | Lair:5   | Killed a dire elephant
 30798 | Lair:5   | Identified the +1 leather armour of Dones Lynk {Rampage
                  | *Corrode rC+ Dex+2}
 30988 | Lair:5   | Noticed a dire elephant
 31124 | Lair:5   | Killed a dire elephant
 31125 | Lair:5   | Reached skill level 15 in Fighting
 31442 | Lair:5   | Identified the +5 short sword "Ephaenow" {speed, SInv}
 31711 | D:5      | Killed qeuew's ghost
 31844 | D:5      | Found a transporter.
 32025 | D:11     | Found a shadowy altar of Dithmenos.
 32269 | D:11     | Reached XP level 15. HP: 103/103 MP: 23/33
 32273 | D:11     | Learned a level 3 spell: Tukima's Dance
 32283 | D:11     | Learned a level 6 spell: Dispersal
 33404 | D:12     | Reached skill level 15 in Spellcasting
 33419 | D:12     | Noticed Sonja
 33424 | D:12     | Killed Sonja
 33754 | D:12     | Found a transporter.
 33763 | D:12     | Learned a level 5 spell: Freezing Cloud
 33767 | D:12     | Found a corrupted altar of Lugonu.
 33805 | D:12     | Found a transporter.
 34836 | D:12     | Reached XP level 16. HP: 108/108 MP: 35/35
 34851 | D:12     | Identified the +2 buckler of Xunno {rC+ Will+ Int+2}
 35768 | D:13     | Reached skill level 1 in Ice Magic
 35768 | D:13     | Reached skill level 1 in Air Magic
 35891 | D:13     | Found a gate to the Vaults.
 36215 | D:13     | Noticed Snorg
 36221 | D:13     | Killed Snorg
 36734 | D:13     | Identified a scroll of acquirement
 36744 | D:13     | Acquired Kawedeam's Collected Works on the Dynamic
                  | Atmosphere
 36753 | D:13     | Learned a level 6 spell: Iron Shot
 37010 | D:13     | Reached skill level 10 in Conjurations
 37655 | D:13     | Reached skill level 16 in Fighting
 37865 | D:13     | Identified the ring "Ulyme" {MP+9 Dex+6}
 39021 | D:14     | Found a transporter.
 39022 | D:14     | Noticed Jutsoyk's ghost (journeyman DrCj)
 39057 | D:14     | Found a transporter.
 39957 | D:15     | Entered Level 15 of the Dungeon
 40092 | D:15     | Reached XP level 17. HP: 115/115 MP: 30/36
 40732 | D:15     | Found a staircase to the Depths.
 41923 | D:15     | Reached skill level 10 in Earth Magic
 42109 | Orc:1    | Entered Level 1 of the Orcish Mines
 42525 | Orc:2    | Entered Level 2 of the Orcish Mines
 43296 | Orc:2    | Found a staircase to the Elven Halls.
 43896 | Orc:2    | Found a radiant altar of Vehumet.
 43933 | Orc:2    | Found Hoiweisi's Book Shop.
 44108 | Orc:2    | Found an ancient bone altar of Kikubaaqudgha.
 44186 | Orc:2    | Found Abim's Jewellery Shop.
 44191 | Orc:2    | Bought an amulet of magic regeneration for 420 gold pieces
 44209 | Orc:2    | Found Nolu's Antique Armour Boutique.
 44365 | Orc:2    | Found a radiant altar of Vehumet.
 44929 | Orc:2    | Found Pumemiuq's Magic Scroll Shop.
 45508 | Orc:2    | Bought a book of the Sky for 660 gold pieces
 45513 | Orc:2    | Learned a level 4 spell: Summon Lightning Spire
 45661 | Swamp:1  | Entered Level 1 of the Swamp
 45785 | Swamp:1  | Noticed Josephine
 45788 | Swamp:1  | Killed Josephine
 45789 | Swamp:1  | Reached skill level 1 in Summonings
 46850 | Swamp:1  | Reached skill level 5 in Air Magic
 47976 | Swamp:2  | Reached XP level 18. HP: 106/122 MP: 18/38
 48436 | Swamp:3  | Noticed Mlioglotl
 48442 | Swamp:3  | Killed Mlioglotl
 48726 | Swamp:3  | Noticed Aizul
 48732 | Swamp:3  | Killed Aizul
 49329 | Swamp:3  | Reached skill level 5 in Summonings
 50262 | Swamp:3  | Reached skill level 17 in Fighting
 50515 | Swamp:3  | Noticed a tentacled monstrosity
 50712 | Swamp:3  | Noticed a tentacled monstrosity
 50717 | Swamp:3  | Killed a tentacled monstrosity
 50801 | Swamp:3  | Identified the ring "Haoteno" {Wiz Drain Will- Slay+5 SInv}
 50913 | Swamp:3  | Killed a tentacled monstrosity
 51149 | Swamp:3  | Reached skill level 10 in Translocations
 51180 | Swamp:3  | Noticed a tentacled monstrosity
 51187 | Swamp:3  | Killed a tentacled monstrosity
 51541 | Swamp:4  | Entered Level 4 of the Swamp
 51897 | Swamp:4  | Reached skill level 1 in Evocations
 52989 | Swamp:4  | Reached XP level 19. HP: 128/128 MP: 29/39
 54087 | Swamp:4  | Got a decaying rune of Zot
 54333 | Snake:1  | Entered Level 1 of the Snake Pit
 55253 | Snake:1  | Noticed Donald
 55277 | Lair:3   | Killed Donald
 56033 | Snake:1  | Noticed Frances
 56043 | Snake:1  | Killed Frances
 57332 | Snake:1  | Reached skill level 5 in Evocations
 58228 | Snake:2  | Identified the ring "Ximus" {rF++ Dex+6 SInv}
 58583 | Snake:2  | Found Vidoreh's Firing Range.
 59285 | Snake:2  | Reached XP level 20. HP: 122/136 MP: 38/41
 60269 | Snake:3  | Found a blossoming altar of Fedhas.
 60447 | Snake:3  | Reached skill level 18 in Fighting
 60620 | Snake:4  | Entered Level 4 of the Snake Pit
 63135 | Snake:4  | Got a serpentine rune of Zot
 63397 | Vaults:1 | Entered Level 1 of the Vaults
 66882 | Vaults:1 | Found Lotimual's Weapon Boutique.
 67397 | Vaults:1 | Reached XP level 21. HP: 142/142 MP: 41/42
 71735 | Vaults:3 | Noticed a dread lich
 71741 | Vaults:3 | Killed a dread lich
 72165 | Vaults:3 | Found a staircase to the Crypt.
 72165 | Vaults:3 | Found a basalt altar of Yredelemnul.
 72165 | Vaults:3 | Found an ancient bone altar of Kikubaaqudgha.
 72303 | Vaults:3 | Reached skill level 15 in Conjurations
 72731 | Vaults:3 | Identified the +2 quarterstaff of Death's Door {elec,
                  | *Noise +Blink rN+++ rCorr}
 72776 | Vaults:3 | Identified the +6 scimitar "Unoud" {vorpal, rF- Str+4}
 72972 | Vaults:3 | Found Lomewn's Weapon Emporium.
 75900 | Vaults:3 | You fall into a shaft and drop 1 floor!
 75902 | Vaults:4 | Acquired the ring "Oryshrur" {Fly rN+ Str+2 Stlth+}
 75934 | Vaults:4 | Noticed Boris
 76601 | Vaults:3 | Reached XP level 22. HP: 148/148 MP: 39/44
 77196 | Vaults:3 | Reached skill level 19 in Fighting
 77432 | Vaults:4 | Killed Boris
 78194 | Vaults:4 | Identified the +9 trident of Slime {flame, Str+4 Int+4}
 78206 | Vaults:4 | Learned a level 8 spell: Lehudib's Crystal Spear
 78386 | Vaults:4 | Reached skill level 15 in Earth Magic
 79095 | Elf:1    | Entered Level 1 of the Elven Halls
 79255 | Elf:1    | Paralysed by an air elemental for 1 turns
 79484 | Elf:1    | Reached skill level 10 in Evocations
 80043 | Elf:1    | Reached skill level 10 in Dodging
 80238 | Elf:1    | Paralysed by an air elemental for 1 turns
 81328 | Elf:2    | Found a runed translucent gate.
 81329 | Elf:2    | Found a runed translucent gate.
 81330 | Elf:2    | Found a runed translucent gate.
 81689 | Elf:2    | Found a portal to a secret trove of treasure.
 82872 | Elf:3    | Entered Level 3 of the Elven Halls
 83409 | Elf:3    | Noticed Bai Suzhen
 83555 | Elf:3    | Reached XP level 23. HP: 152/155 MP: 40/45
 83565 | Elf:3    | Identified the +8 dagger of Couxogym {distort, Stlth+}
 83591 | Elf:3    | Identified the +2 leather armour of Compression {Harm
                  | *Corrode rN+ Will++}
 83592 | Elf:3    | Identified the amulet of Biuhoul {rC+ Regen+}
 83670 | Elf:3    | Identified the +0 helmet of the Dice {Int+5 Slay-6}
 83675 | Elf:3    | Got the Commentary on Forceful Graupel
 84609 | D:14     | Identified the +0 pair of gloves of Lesser Demons {Str+4
                  | Int+3}
 84633 | D:14     | Killed Jutsoyk's ghost
 84818 | D:15     | Learned a level 5 spell: Irradiate
 84822 | D:15     | Learned a level 3 spell: Mephitic Cloud
 84823 | Depths:1 | Entered Level 1 of the Depths
 85972 | Depths:1 | Killed from afar by a spriggan air mage

Illustrated notes

Levels and vault maps discovered:
D:1:      minmay_arrival_radiant_lines, layout_basic,
          dreamdust_ecumenical_altar_hidden_monk_grotto
D:2:      layout_basic, minmay_increasing_density
D:3:      layout_rooms, nicolae_wu_jian_glorious_leap
D:4:      layout_loops_ring, cheibriados_altar_1, kennysheep_little_box,
          serial_shops, nicolae_shop_statue_plus, minivault_25, roderic_batcave,
          minmay_a_box_with_orc_wizards_in_it
D:5:      layout_basic, tgw_kikubaaqudgha, mainiacjoe_overflow_small_starburst,
          minmay_temple_entry_junction, gammafunk_ghost_smash
D:6:      layout_basic, nicolae_yredelemnul_corpse_copse, hex_medium
D:7:      minmay_spotlight, layout_cave_pools, okawaru_altar_gauntlet_db,
          serial_demonic, serial_demonic_f, serial_demonic_e, serial_demonic_e,
          serial_demonic_d, serial_demonic_g, serial_demonic_d
D:8:      layout_basic, nicolae_uskayaw_murder_on_the_dancefloor, uniq_maggie
D:9:      layout_roguey, nicolae_qazlal_general_emergency, lemuel_crystal_altar,
          fedhas_bush_and_centaur_altar, statue_in_the_mist_lemuel,
          kennysheep_doodads, uniq_psyche
D:10:     layout_irregular_city, david_lair_generic, hiddenorc1_lemuel,
          serial_shops, shop, uniq_lodul, uniq_nergalle
D:11:     layout_basic, nicolae_dithmenos_shadow_blocks
D:12:     gammafunk_corrupted_shrine, layout_cave_pools, uniq_sonja
D:13:     layout_gridville, david_vaults_1, chequers_serial_rivers_room_b,
          dreamdust_princess_bridge, minmay_fractal_squares_gapless_5,
          uniq_snorg
D:14:     layout_roguey, gammafunk_ghost_mausoleum, roderic_nine_men_s_morris,
          dk_noncrumbling_4, chequers_serial_rivers_micro_e
D:15:     hangedman_depths_entry_civil_slaughter, layout_basic,
          minmay_misc_feat_room, serial_bayou, serial_bayou_pond_a,
          serial_bayou_crossing, serial_bayou_ford_a, serial_bayou_pond_d
Lair:1:   layout_gridlike, basic_altar
Lair:2:   layout_chaotic_city, swamp_mist, grunt_megastairs_3, uniq_gastronok,
          uniq_erica
Lair:3:   layout_small_grid, minmay_snake_entry_spellcaster
Lair:4:   beast_lair_carwin_large_2, layout_cave_pods, slime_entry_1,
          gauntlet_entry_generic, grunt_megastairs_2, serial_bayou_shore_a
Lair:5:   hangedman_lair_in_review, layout_gridlike, lemuel_another_geyser
Swamp:1:  layout_basic_swamp, evilmike_swamp_ruin_house_2, swamp_pool5,
          grunt_hermit_hut, uniq_josephine
Swamp:2:  layout_basic_swamp, nicolae_swamp_fairy_circle
Swamp:3:  nzn_winding_woodlands_cross [nzn_winding_woodlands_5x15_crooked,
          nzn_winding_woodlands_5x15_jagged, nzn_winding_woodlands_5x15_twine,
          nzn_winding_woodlands_5x15_eye,
          nzn_winding_woodlands_15x15_five_gardens], layout_basic_swamp,
          swamp_pool1, uniq_aizul, uniq_mlioglotl
Swamp:4:  swamp_basic_johnstein, layout_basic_swamp
Snake:1:  layout_cave_pods, st_stairs_5, nicolae_snake_scaly_snakehead,
          grunt_megastairs_1, uniq_donald, uniq_frances
Snake:2:  layout_misc_corridors, nicolae_shop_firing_range
Snake:3:  layout_onion, basic_altar, nicolae_integral_box, lemuel_fruit_tree
Snake:4:  johnstein_snake_rune_scales, layout_basic, st_stairs_3
Orc:1:    layout_caves
Orc:2:    kennysheep_orc_mage_school, layout_caves,
          portal_ice_cave_entry_pillars_2, basic_altar,
          nicolae_orc_flooded_monolith
Elf:1:    nicolae_elf_arrival_aired_out, layout_rooms, hangedman_corner_corridor
Elf:2:    elven_hall_of_blades_hangedman_original [nicolae_blade_lattice],
          layout_loops_corners, nicolae_trove_entry_diagonal
Elf:3:    minmay_elf_hall, layout_onion_city, minmay_misc_feat_diagonals,
          uniq_bai_suzhen
Vaults:1: nicolae_vaults_diagonal_hallway_7, vaults_dpeg_ring,
          nicolae_vaults_circle_grid_a, nicolae_vaults_little_squares_4,
          nicolae_vaults_asterisk, ontoclasm_vaults_spin,
          nicolae_vaults_network_periphery, vaults_dpeg_emergency_exit,
          hangedman_vaults_maws, nicolae_vaults_little_squares_1,
          vaults_room_ringed_pool, nicolae_vaults_gold_heap,
          nicolae_vaults_little_squares_5, vaults_room_door_ring,
          vaults_room_guarded_vault, layout_vaults_omnicross, serial_shops, shop
Vaults:2: v_misc_28, nicolae_vaults_windows_and_doors_thing, vaults_dpeg_cross,
          vaults_dpeg_hooks, grunt_vaults_swirl, grunt_vaults_trifunnel,
          layout_vaults_omnigrid
Vaults:3: dpeg_vaults_pockets_of_resistance, hangedman_vaults_slither,
          nicolae_vaults_little_squares_1, nicolae_vaults_ninety_degrees,
          v_rooms_2, minmay_crypt_entry_necro_gods, nicolae_vaults_big_ls,
          grunt_vaults_hallway_short, hangedman_vaults_snaps,
          ontoclasm_vaults_twist, nicolae_vaults_ring_of_whatevers,
          vaults_room_stairs_pillars, ontoclasm_vaults_decontamination,
          vaults_room_corners, nicolae_vaults_theta, vaults_room_fancy_cross,
          vaults_room_stairs_pillars, layout_vaults_maze_bifur, serial_shops,
          nicolae_shop_statue_plus
Vaults:4: v_misc_12, nicolae_vaults_puzzle_piece, v_misc_29, vaults_room_fours,
          vaults_room_grid, v_misc_5, v_misc_11,
          nicolae_vaults_little_squares_3, vaults_dpeg_diagonal,
          nicolae_vaults_display_case, layout_vaults_ring, uniq_boris
Depths:1: layout_cave_pools, kennysheep_crisscross, hell_entry,
          hangedman_cracks_in_the_wall

Skill      XL: |  1  2  3  4  5  6  7  8  9 10 11 12 13 14 15 16 17 18 19 20 21 22 23 |
---------------+----------------------------------------------------------------------+-----
Stealth        | 3 4 |  4.1
Dodging        | 3 8 9 10 | 10.7
Conjurations   | 1 2 3 5 6 8 9 10 11 13 14 15 16 | 16.9
Earth Magic    | 4 5 6 7 8 9 10 11 13 14 15 16 | 16.1
Transmutations | 2 |  2.1
Translocations | 1 4 6 7 8 10 | 10.7
Spellcasting   | 4 6 9 11 13 14 15 16 17 18 | 18.7
Fighting       | 3 8 10 12 15 16 17 18 19 | 19.5
Fire Magic     | 1 4 |  4.0
Ice Magic      | 1 3 |  3.8
Air Magic      | 1 5 7 |  7.6
Summonings     | 3 6 |  6.2
Evocations     | 2 5 7 9 10 | 10.8

Action                   |  1- 3 |  4- 6 |  7- 9 | 10-12 | 13-15 | 16-18 | 19-21 | 22-24 || total
-------------------------+-------+-------+-------+-------+-------+-------+-------+-------++-------
Melee: Dagger            |     4 |    31 |    38 |     3 |     4 |       |    25 |     1 ||   106
       Punch             |       |     1 |     1 |       |     1 |       |     2 |       ||     5
       War axe           |       |       |     6 |       |       |       |       |       ||     6
       Staff             |       |       |     7 |     1 |    21 |    34 |     9 |     2 ||    74
       Scimitar          |       |       |       |       |     4 |       |       |       ||     4
       Short sword       |       |       |       |       |     8 |       |       |       ||     8
       Trident           |       |       |       |       |       |       |       |     9 ||     9
Throw: Dart              |       |       |       |     1 |       |       |       |       ||     1
 Cast: Sandblast         |    29 |   101 |    44 |     7 |       |       |       |       ||   181
       Stone Arrow       |       |       |   126 |   243 |   474 |   995 |  1213 |   342 ||  3393
       Iskenderun's Myst |       |       |       |     7 |    15 |    23 |    29 |    32 ||   106
       Tukima's Dance    |       |       |       |       |     2 |       |       |       ||     2
       Gell's Gravitas   |       |       |       |       |       |     2 |       |       ||     2
       Iron Shot         |       |       |       |       |       |    60 |   101 |    30 ||   191
       Freezing Cloud    |       |       |       |       |       |       |    24 |     1 ||    25
Invok: Bribe Branch      |       |       |       |       |       |       |     2 |     2 ||     4
Evoke: Wand              |       |       |       |       |     1 |     2 |       |     2 ||     5
  Use: Scroll            |       |     4 |    15 |    12 |    10 |     3 |    23 |     4 ||    71
       Potion            |       |       |     1 |     1 |     4 |       |     4 |     1 ||    11
 Stab: Sleeping          |     4 |    23 |     7 |     1 |     1 |       |     6 |     1 ||    43
       Distracted        |       |       |       |       |     1 |       |       |     1 ||     2
Armor: Robe              |     1 |    17 |    27 |       |       |       |       |       ||    45
       Leather armour    |       |       |    18 |       |       |       |       |       ||    18
       Steam dragon scal |       |       |       |    76 |    82 |   145 |   214 |    86 ||   603
       Skin              |       |       |       |     4 |       |       |       |       ||     4
Dodge: Dodged            |     3 |    76 |   111 |   148 |   320 |   680 |   969 |   330 ||  2637
